[Event "*** Titled Tuesday Blitz"]
[Site "Chess.com"]
[Date "2020.05.12"]
[Round "1"]
[White "Barys1974"]
[Black "ZarinaShafigullina"]
[Result "1-0"]
[WhiteElo "2635"]
[BlackElo "2315"]
[TimeControl "180+1"]
[EndTime "10:04:18 PDT"]
[Termination "Barys1974 won by resignation"]

1. e4 c5 2. Nf3 Nc6 3. Bb5 g6 4. O-O Bg7 5. c3 Nf6 6. Re1 O-O 7. h3 a6 8. Bxc6 bxc6 9. d4 cxd4 10. cxd4 d5 11. e5 Ne4 12. Be3 f6 13. exf6 exf6 14. Nc3 f5 15. Bf4 Kh8 16. Be5 Qb6 17. Na4 Qa5 18. Rc1 Bd7 19. Bxg7+ Kxg7 20. Ne5 Be8 21. f3 Ng5 22. a3 Nf7 23. b4 Qb5 24. Nc5 Kh8 25.
Ne6 Rg8 26. Nc7 Qb7 27. Nxa8 Qxa8 28. Qd2 Qc8 29. Nxf7+ Bxf7 30. Re7 Be6 31. Qe3 Re8 32. Qe5+ 1-0

[Event "*** Titled Tuesday Blitz"]
[Site "Chess.com"]
[Date "2020.05.12"]
[Round "1"]
[White "BakaPG"]
[Black "barbara25"]
[Result "1-0"]
[WhiteElo "2628"]
[BlackElo "2306"]
[TimeControl "180+1"]
[EndTime "10:04:18 PDT"]
[Termination "BakaPG won by resignation"]

1. e4 c5 2. Nf3 d6 3. d4 cxd4 4. Nxd4 Nf6 5. Nc3 a6 6. f3 e5 7.
Nb3 Be7 8. Be3 Be6 9. Qd2 Nbd7 10. O-O-O h5 11. Kb1 Rc8 12. g3 b5 13. a3 Qc7 14.
f4 Ng4 15. Bg1 Ngf6 16. Bg2 Nc5 17. Nxc5 dxc5 18. Nd5 Bxd5 19. exd5 Rd8 20. fxe5 Qxe5 21. Be3 Bd6 22. Bf4 Qf5 23. Rhe1+ Kf8 24. Qe3 g6 25.
Bxd6+ Rxd6 26. Qe7+ 1-0

[Event "*** Titled Tuesday Blitz"]
[Site "Chess.com"]
[Date "2020.05.12"]
[Round "1"]
[White "catalin009"]
[Black "Infernal_XaM"]
[Result "0-1"]
[WhiteElo "2442"]
[BlackElo "2870"]
[TimeControl "180+1"]
[EndTime "10:04:20 PDT"]
[Termination "Infernal_XaM won by resignation"]

1. Nf3 d5 2. g3 c6 3. Bg2 Nf6 4. O-O Bg4 5. d3 Nbd7 6. Qe1 Bxf3 7. Bxf3 h5 8. h4 e6 9. Bg5 Qb6 10. b3 Bd6 11. Kg2 Ne5 12. Nd2 Nfg4 13. e4 f6 14. Be3 Nxe3+ 15. fxe3 d4 16. exd4 Qxd4 17. Qe2 O-O-O 18. Bxh5 Qc3 19. Nc4 Nxc4 20. bxc4 Qe5 21. g4 Qg3+ 22. Kh1 Qxh4+ 23. Kg2 Qh2+ 0-1

[Event "*** Titled Tuesday Blitz"]
[Site "Chess.com"]
[Date "2020.05.12"]
[Round "1"]
[White "nitpicker"]
[Black "MiroVlasenko"]
[Result "0-1"]
[WhiteElo "2286"]
[BlackElo "2607"]
[TimeControl "180+1"]
[EndTime "10:04:20 PDT"]
[Termination "MiroVlasenko won by resignation"]

1. d4 f5 2. c4 Nf6 3. g3 g6 4. Bg2 Bg7 5. Nf3 O-O 6. O-O d6 7. Nc3 Qe8 8. Rb1 e5 9. dxe5 dxe5 10. e4 f4 11. b4 Bg4 12. Qb3 Nc6 13. Re1 Bxf3 14.
Bxf3 Nd4 15. Qd1 Rd8 16. Kh1 Qe6 17. Bg2 Qxc4 18. Bf1 Qxc3 0-1

[Event "*** Titled Tuesday Blitz"]
[Site "Chess.com"]
[Date "2020.05.12"]
[Round "1"]
[White "Sesleria"]
[Black "RubensCezila"]
[Result "0-1"]
[WhiteElo "1969"]
[BlackElo "2478"]
[TimeControl "180+1"]
[EndTime "10:04:20 PDT"]
[Termination "RubensCezila won by resignation"]

1. e4 c6 2. d4 d5 3. e5 Bf5 4.
Nc3 h6 5. g4 Bd7 6. h3 e6 7.
Be3 Na6 8. Nge2 c5 9. Bg2 Rc8 10. O-O b5 11. dxc5 Bxc5 12. Bxc5 Nxc5 13. Nd4 a6 14. Nxd5 exd5 15. Bxd5 Ne7 16. e6 fxe6 17. Be4 0-1

[Event "*** Titled Tuesday Blitz"]
[Site "Chess.com"]
[Date "2020.05.12"]
[Round "1"]
[White "CarlosAlbornoz"]
[Black "SharapovEvgeny"]
[Result "1-0"]
[WhiteElo "2715"]
[BlackElo "2376"]
[TimeControl "180+1"]
[EndTime "10:04:25 PDT"]
[Termination "CarlosAlbornoz won by resignation"]

1. e4 c5 2. Nf3 d6 3. d4 cxd4 4.
Nxd4 Nf6 5. Nc3 Nc6 6. Bg5 Qb6 7. Nb3 e6 8. Qd2 Be7 9. O-O-O O-O 10. f3 Rd8 11.
Be3 Qc7 12. Nb5 Qb8 13. Bf4 e5 14. Bg5 Be6 15. Nc3 a5 16. Bb5 a4 17. Bxa4 d5 18.
exd5 Nxd5 19. Bxe7 Ncxe7 20. Nxd5 Nxd5 21. Nc5 Nf4 22. Qxd8+ Qxd8 23. Rxd8+ Rxd8 24. Nxe6 Nxe6 25. Rd1 Rxd1+ 26.
Kxd1 Kf8 27. Bb3 Nc5 28. Bd5 b6 29. b4 Na4 30. Kd2 Ke7 31. Bb3 Nb2 32. Kc1 1-0

[Event "*** Titled Tuesday Blitz"]
[Site "Chess.com"]
[Date "2020.05.12"]
[Round "1"]
[White "shrek4life02"]
[Black "manuellarrea"]
[Result "1-0"]
[WhiteElo "2535"]
[BlackElo "2193"]
[TimeControl "180+1"]
[EndTime "10:04:25 PDT"]
[Termination "shrek4life02 won by resignation"]

1. d4 Nf6 2. Nc3 d5 3. Bg5 Bf5 4. Qd2 Nbd7 5. f3 h6 6. Bh4 Rc8 7. e3 a6 8. g4 Bg6 9. Nge2 c5 10.
Nf4 cxd4 11. exd4 Bh7 12. Nfxd5 Nxd5 13. Nxd5 Rxc2 14. Qb4 Nf6 15. Qa4+ Rc6 16. Nb4 Qxd4 17. Rd1 Qe3+ 18. Be2 b5 19. Nxc6 1-0

[Event "*** Titled Tuesday Blitz"]
[Site "Chess.com"]
[Date "2020.05.12"]
[Round "1"]
[White "AlexZambrano"]
[Black "MarcoRiehle"]
[Result "0-1"]
[WhiteElo "2293"]
[BlackElo "2614"]
[TimeControl "180+1"]
[EndTime "10:04:26 PDT"]
[Termination "MarcoRiehle won by resignation"]

1. Nf3 Nf6 2. d4 d5 3. g3 e6 4. Bg2 c5 5. O-O Nc6 6. c4 dxc4 7. dxc5 Qxd1 8. Rxd1 Bxc5 9. Nbd2 c3 10. bxc3 Bd7 11.
Nb3 Be7 12. Bf4 O-O 13. Rab1 Rac8 14. Nbd4 b6 15. Bg5 Nxd4 16. cxd4 Bc6 17. Rdc1 Be4 18.
Rxc8 Rxc8 19. Rc1 Rxc1+ 20. Bxc1 Nd5 21. Bd2 Bb4 22. Kf1 Bxf3 23. Bxf3 Bxd2 0-1

[Event "*** Titled Tuesday Blitz"]
[Site "Chess.com"]
[Date "2020.05.12"]
[Round "1"]
[White "today_good_day"]
[Black "Anna_ChessMate"]
[Result "0-1"]
[WhiteElo "2083"]
[BlackElo "2498"]
[TimeControl "180+1"]
[EndTime "10:04:32 PDT"]
[Termination "Anna_ChessMate won by resignation"]

1. e4 e5 2. Nf3 Nc6 3. Bb5 a6 4. Ba4 Nf6 5. d3 Bc5 6. O-O b5 7. Bb3 O-O 8. c3 h6 9. d4 Bb6 10. d5 Ne7 11. Nbd2 d6 12. h3 Nh7 13. Re1 f5 14. exf5 Nxf5 15. Ne4 Nf6 16. Nxf6+ Qxf6 17. Bc2 Nh4 18. Be3 Bxe3 19. Rxe3 Bxh3 20. gxh3 Nxf3+ 21. Rxf3 Qxf3 22. Qxf3 Rxf3 23. Kg2 Raf8 24. Rf1 g5 25.
Be4 R3f4 26. f3 Kg7 27. Kg3 Rxe4 0-1

[Event "*** Titled Tuesday Blitz"]
[Site "Chess.com"]
[Date "2020.05.12"]
[Round "1"]
[White "gui_borba"]
[Black "Stewie_89"]
[Result "1-0"]
[WhiteElo "2341"]
[BlackElo "2629"]
[TimeControl "180+1"]
[EndTime "10:04:37 PDT"]
[Termination "gui_borba won by resignation"]

1. d4 d5 2. Bf4 Nf6 3. e3 c5 4. Nf3 Nc6 5. c3 Qb6 6. Qb3 c4 7. Qc2 g6 8. Be2 Bf5 9. Qc1 Bg7 10. Nbd2 O-O 11. O-O Qd8 12. h3 b5 13. b3 Re8 14.
a4 a6 15. Ne5 Nxe5 16. Bxe5 Ne4 17. Bxg7 Kxg7 18. Nxe4 Bxe4 19. Qb2 Rb8 20. axb5 axb5 21.
b4 Ra8 22. Rxa8 Qxa8 23. Ra1 Qb7 24. Ra5 e5 25. dxe5 Rxe5 26. Qd2 Re7 27. Qd4+ f6 28. Bf1 Qd7 29. Qc5 Bd3 30. Qxb5 Qf5 31. Qxd5 Re5 32. Ra7+ Kh6 33. Qf7 Bxf1 34. Qxh7+ Kg5 35. f4+ 1-0

[Event "*** Titled Tuesday Blitz"]
[Site "Chess.com"]
[Date "2020.05.12"]
[Round "1"]
[White "Sanan_Sjugirov"]
[Black "pedroholly22"]
[Result "1-0"]
[WhiteElo "2926"]
[BlackElo "2455"]
[TimeControl "180+1"]
[EndTime "10:04:38 PDT"]
[Termination "Sanan_Sjugirov won by resignation"]

1. e4 c5 2. Nf3 d6 3. Bb5+ Bd7 4. Bxd7+ Nxd7 5. c3 Ngf6 6. Qe2 Ne5 7. d4 Ned7 8.
e5 dxe5 9. dxe5 Nd5 10. e6 fxe6 11. Ng5 N7f6 12. O-O Qd7 13. c4 Nb4 14. Rd1 Qc6 15.
Nc3 h6 16. Nxe6 Kf7 17. Re1 g5 18. a3 Na6 19. Nd5 Re8 20. Bd2 Nxd5 21. cxd5 Qxd5 22. Qh5+ Kg8 23. Qg6+ 1-0

[Event "*** Titled Tuesday Blitz"]
[Site "Chess.com"]
[Date "2020.05.12"]
[Round "1"]
[White "ElGasanov"]
[Black "GuerrieroFromLevant"]
[Result "1-0"]
[WhiteElo "2724"]
[BlackElo "2381"]
[TimeControl "180+1"]
[EndTime "10:04:41 PDT"]
[Termination "ElGasanov won by resignation"]

1. d4 d5 2. c4 e6 3. Nf3 c5 4. e3 dxc4 5. Bxc4 Nf6 6. O-O a6 7. b3 b5 8. Be2 Bb7 9. Bb2 Nbd7 10. a4 b4 11. Nbd2 Be7 12. Nc4 O-O 13. Rc1 Rc8 14.
h3 Ne4 15. Qc2 Ndf6 16. Rfd1 Bd5 17. Nfe5 cxd4 18. Bxd4 Bc5 19. f3 Bxd4 20. Rxd4 Nc3 21. e4 Bxc4 22. Rxd8 Bxe2 23. Rxf8+ Kxf8 24. Qd2 Ke7 25. Qd4 Rb8 26. Qa7+ 1-0

[Event "*** Titled Tuesday Blitz"]
[Site "Chess.com"]
[Date "2020.05.12"]
[Round "1"]
[White "SmirnovAlexandrA"]
[Black "DryCounty"]
[Result "1/2-1/2"]
[WhiteElo "2323"]
[BlackElo "2623"]
[TimeControl "180+1"]
[EndTime "10:04:42 PDT"]
[Termination "Game drawn by agreement"]

1. e4 e5 2. Nf3 Nc6 3. Bb5 a6 4. Ba4 Nf6 5. O-O Nxe4 6. Re1 Nc5 7. Nxe5 Be7 8. Bb3 Nxb3 9. axb3 O-O 10. Nxc6 dxc6 11.
d4 Bd6 12. Nd2 Bf5 13. Nf1 Re8 14. Be3 Qd7 15. Qd2 Bg6 16. b4 Qf5 17. c3 h6 18. Ng3 Qd3 19. Qxd3 Bxd3 20. Bd2 f5 21. Rxe8+ Rxe8 22. Re1 Rxe1+ 23. Bxe1 f4 24. Nf1 Kf7 25. f3 Ke6 26. Nd2 Kd5 27. g3 g5 28. h4 fxg3 29.
hxg5 hxg5 30. Kg2 Bf4 31. Nb3 b6 32. Bxg3 Kc4 33. Bxf4 Kxb3 34. Bxc7 Kxb2 35. Bxb6 Kxc3 36. Bc5 1/2-1/2

[Event "*** Titled Tuesday Blitz"]
[Site "Chess.com"]
[Date "2020.05.12"]
[Round "1"]
[White "Azatnew"]
[Black "Pudor"]
[Result "1-0"]
[WhiteElo "2748"]
[BlackElo "2394"]
[TimeControl "180+1"]
[EndTime "10:04:44 PDT"]
[Termination "Azatnew won by resignation"]

1. Nf3 d5 2. g3 Nf6 3. Bg2 c5 4. O-O e6 5. c4 d4 6. e3 Nc6 7. exd4 cxd4 8. d3 e5 9. Re1 Bd6 10. b4 Bxb4 11. Nxe5 Bxe1 12. Nxc6 bxc6 13. Bxc6+ Bd7 14. Qxe1+ Kf8 15. Bxa8 Qxa8 16. Nd2 Bh3 17. f3 g6 18. Bb2 Qd8 19. Qe5 Rg8 20. Ne4 Nd7 21.
Ba3+ 1-0

[Event "*** Titled Tuesday Blitz"]
[Site "Chess.com"]
[Date "2020.05.12"]
[Round "1"]
[White "chenxiaoyuer"]
[Black "pollo2016"]
[Result "0-1"]
[WhiteElo "2226"]
[BlackElo "2558"]
[TimeControl "180+1"]
[EndTime "10:04:44 PDT"]
[Termination "pollo2016 won by resignation"]

1. e4 c6 2. d4 d5 3. Nc3 dxe4 4. Nxe4 Nf6 5. Ng3 g6 6. f3 Bg7 7. Bf4 Nd5 8. Bd2 Bxd4 9. Bh6 Bxb2 10. Rb1 Qa5+ 11.
Bd2 Nc3 12. Ne4 Qe5 13. Bxc3 Bxc3+ 14. Kf2 Bd4+ 15. Ke1 Bxg1 16. Rxg1 f5 17. Bd3 fxe4 18. Bxe4 Bf5 19. Qe2 Bxe4 20. Qe3 Qa5+ 21. c3 Bxb1 0-1

[Event "*** Titled Tuesday Blitz"]
[Site "Chess.com"]
[Date "2020.05.12"]
[Round "1"]
[White "Firouzja2003"]
[Black "KaterinaMiroshnik"]
[Result "1-0"]
[WhiteElo "3161"]
[BlackElo "2465"]
[TimeControl "180+1"]
[EndTime "10:04:45 PDT"]
[Termination "Firouzja2003 won by resignation"]

1. e4 e6 2. d4 d5 3. Nc3 Nf6 4. e5 Nfd7 5. f4 c5 6. Nf3 Nc6 7. Be3 a6 8. Ne2 b5 9. c3 Qb6 10.
Ng3 g6 11. Be2 h5 12. O-O Be7 13. a4 b4 14. Kh1 h4 15. dxc5 Bxc5 16. a5 Qa7 17.
Bxc5 Nxc5 18. cxb4 Nxb4 19. Rc1 hxg3 20. Qd4 Ne4 21.
Qxa7 Rxa7 22. Rxc8+ Kd7 23. Rxh8 1-0

[Event "*** Titled Tuesday Blitz"]
[Site "Chess.com"]
[Date "2020.05.12"]
[Round "1"]
[White "Parhamov"]
[Black "Maksimus1998"]
[Result "1-0"]
[WhiteElo "3014"]
[BlackElo "2461"]
[TimeControl "180+1"]
[EndTime "10:04:46 PDT"]
[Termination "Parhamov won by resignation"]

1. e4 c6 2. d4 d5 3. e5 Bf5 4. Nc3 e6 5. g4 Bg6 6. Nge2 f6 7.
h4 fxe5 8. dxe5 Nd7 9. f4 Qb6 10.
h5 Bf7 11. Nd4 O-O-O 12. a3 c5 13. Nf3 Ne7 14. Bh3 Nc6 15. Ne2 h6 16. O-O Be7 17.
c3 g6 18. hxg6 Bxg6 19. f5 Bf7 20. f6 Bf8 21. Bf4 Na5 22. b4 Nc4 23. Kh2 cxb4 24. axb4 Ne3 25. Qd2 Nxf1+ 26. Rxf1 a6 27. Ned4 Nb8 28.
g5 Nc6 29. Nxe6 Bxe6 30. Bxe6+ Kb8 31. g6 1-0

[Event "*** Titled Tuesday Blitz"]
[Site "Chess.com"]
[Date "2020.05.12"]
[Round "1"]
[White "Evgeny81"]
[Black "leoduarte"]
[Result "1-0"]
[WhiteElo "2713"]
[BlackElo "2374"]
[TimeControl "180+1"]
[EndTime "10:04:47 PDT"]
[Termination "Evgeny81 won by resignation"]

1. d4 d5 2. c4 c6 3. Nf3 Nf6 4. Nc3 dxc4 5. a4 Bf5 6. Ne5 Nbd7 7. Nxc4 Nb6 8. Ne5 a5 9. f3 Nfd7 10. Nxd7 Nxd7 11. e4 Bg6 12. Be2 e5 13. dxe5 Nxe5 14.
f4 Qxd1+ 15. Kxd1 O-O-O+ 16. Kc2 f5 17. fxe5 fxe4 18. Be3 Bb4 19. Rad1 Rhe8 20. Rxd8+ Kxd8 21. Rd1+ Kc7 22. Bg4 Re7 23. e6 h5 24. Bh3 1-0

[Event "*** Titled Tuesday Blitz"]
[Site "Chess.com"]
[Date "2020.05.12"]
[Round "1"]
[White "ClockworkKubrick"]
[Black "nabukatnezarr"]
[Result "0-1"]
[WhiteElo "2129"]
[BlackElo "2510"]
[TimeControl "180+1"]
[EndTime "10:04:47 PDT"]
[Termination "nabukatnezarr won by resignation"]

1. e4 c5 2. Nf3 d6 3. Nc3 Nf6 4.
Bb5+ Bd7 5. O-O a6 6. Bxd7+ Nbxd7 7. d3 e6 8. h3 Be7 9. Bf4 O-O 10. Qd2 b5 11.
Rae1 b4 12. Nd1 a5 13. c3 Qb6 14. Ng5 Rab8 15. d4 bxc3 16. bxc3 cxd4 17. cxd4 Qb4 18. Qe3 Rfc8 19. e5 Nd5 20. Qg3 Nxf4 21. Qxf4 Rf8 22.
exd6 Bxd6 23. Qh4 h6 24. Ne4 Be7 25. Qf4 Qxd4 26. Re3 Bg5 27. Qg4 f5 28. Qxg5 0-1

[Event "*** Titled Tuesday Blitz"]
[Site "Chess.com"]
[Date "2020.05.12"]
[Round "1"]
[White "DLR7"]
[Black "ljuks68"]
[Result "1-0"]
[WhiteElo "2723"]
[BlackElo "2378"]
[TimeControl "180+1"]
[EndTime "10:04:49 PDT"]
[Termination "DLR7 won by checkmate"]

1. e4 e6 2. d4 d5 3. Bd3 dxe4 4. Bxe4 Nf6 5. Bf3 Nbd7 6. Ne2 Bd6 7. O-O e5 8. Ng3 O-O 9. Nf5 e4 10. Be2 Nb6 11.
Nxd6 cxd6 12. c4 d5 13. c5 Nbd7 14. Nc3 Re8 15. Bf4 Nf8 16. Nb5 Ne6 17. Be5 Nd7 18.
Bd6 a6 19. Nc3 Nf6 20. f3 Ng5 21. f4 Ne6 22. f5 Nf8 23. Qb3 e3 24. Nxd5 Ne4 25.
Nc7 Nd2 26. Qd5 Nxf1 27. Rxf1 Bd7 28. Nxa8 Qxa8 29. Bc4 Qc8 30. Qxf7+ Kh8 31. Qg8# 1-0

[Event "*** Titled Tuesday Blitz"]
[Site "Chess.com"]
[Date "2020.05.12"]
[Round "1"]
[White "2346PL"]
[Black "GOGIEFF"]
[Result "0-1"]
[WhiteElo "2457"]
[BlackElo "2951"]
[TimeControl "180+1"]
[EndTime "10:04:53 PDT"]
[Termination "GOGIEFF won by resignation"]

1. d4 Nf6 2. Bg5 e6 3. Nd2 c5 4. c3 cxd4 5. cxd4 Qb6 6. Bxf6 gxf6 7. Ngf3 Nc6 8. e3 Qxb2 9. Bd3 Qa3 10. Nb3 Bg7 11.
O-O O-O 12. Nh4 d6 13. Qh5 f5 14. e4 fxe4 15. Bxe4 f5 16. Bf3 Nxd4 17. Nxd4 Bxd4 18. Rad1 Bg7 19. Rfe1 Bd7 20. Nxf5 Rxf5 0-1

[Event "*** Titled Tuesday Blitz"]
[Site "Chess.com"]
[Date "2020.05.12"]
[Round "1"]
[White "Shield12"]
[Black "dbrankovic68"]
[Result "1-0"]
[WhiteElo "2798"]
[BlackElo "2418"]
[TimeControl "180+1"]
[EndTime "10:04:57 PDT"]
[Termination "Shield12 won by resignation"]

1. d4 Nf6 2. Nf3 g6 3. Nc3 d5 4. Bf4 a6 5. e3 Bg7 6. Bd3 O-O 7. h3 c5 8. O-O c4 9. Be2 b5 10. Ne5 Bb7 11. Bf3 Nbd7 12. b3 Nxe5 13. Bxe5 Ne4 14.
Bxe4 dxe4 15. Bxg7 Kxg7 16. bxc4 bxc4 17. Rb1 Rb8 18.
Rb4 Qc7 19. Qe2 Rfc8 20. Rfb1 a5 21. Rb6 f5 22. Qd2 Bc6 23. d5 Rxb6 24. Qd4+ Kg8 25. Rxb6 Be8 26. d6 exd6 27. Nd5 Qc5 28. Ne7+ Kf7 29.
Nxc8 Qxc8 30. Rxd6 1-0

[Event "*** Titled Tuesday Blitz"]
[Site "Chess.com"]
[Date "2020.05.12"]
[Round "1"]
[White "pedromartinez91"]
[Black "tan275"]
[Result "0-1"]
[WhiteElo "2503"]
[BlackElo "2180"]
[TimeControl "180+1"]
[EndTime "10:04:57 PDT"]
[Termination "tan275 won by resignation"]

1. e4 c6 2. c4 d5 3. cxd5 cxd5 4.
exd5 Nf6 5. Qa4+ Nbd7 6. Nc3 g6 7. Bc4 Bg7 8. d3 O-O 9. Nf3 Nb6 10. Qb3 Bg4 11.
Be3 Bxf3 12. gxf3 Rc8 13. Bxb6 axb6 14. O-O-O Qc7 15. Kb1 Nd7 16. d4 Qxc4 17. Qc2 b5 18.
Qe4 b4 19. Na4 Qb5 20. b3 Nf6 21. Qxe7 Nxd5 22. Qd6 Rfd8 23. Qg3 Nc3+ 24. Nxc3 bxc3 25. Kc2 Qe2+ 0-1

[Event "*** Titled Tuesday Blitz"]
[Site "Chess.com"]
[Date "2020.05.12"]
[Round "1"]
[White "GelmanAlexander"]
[Black "Colombiano07"]
[Result "1-0"]
[WhiteElo "2529"]
[BlackElo "2185"]
[TimeControl "180+1"]
[EndTime "10:04:58 PDT"]
[Termination "GelmanAlexander won by resignation"]

1. c4 c5 2. Nf3 Nc6 3. e3 e5 4. d3 d6 5. Nc3 g6 6. a3 Bg7 7. Rb1 Nge7 8. b4 b6 9. Be2 O-O 10. O-O h6 11. Nd2 Bf5 12. b5 Na5 13. Bb2 Rc8 14.
a4 Be6 15. Bf3 d5 16. cxd5 Nxd5 17. Nxd5 Bxd5 18. Qe2 Re8 19. Rfd1 Nb3 20. Bxd5 Nxd2 21. Bxf7+ Kxf7 22. Rxd2 Rc7 23. Qf3+ Kg8 24. Qe4 Kh7 25. g3 Rd7 26. h4 h5 27. Rbd1 Re6 28. d4 cxd4 29.
exd4 Red6 30. d5 Qe7 31. Ba3 Qf6 32. Bxd6 Qxd6 33. Rc2 Bh6 34. Rc6 Qe7 35. Qxg6+ 1-0

[Event "*** Titled Tuesday Blitz"]
[Site "Chess.com"]
[Date "2020.05.12"]
[Round "1"]
[White "Baronessa08"]
[Black "HomayoonTofighi"]
[Result "1-0"]
[WhiteElo "2469"]
[BlackElo "2903"]
[TimeControl "180+1"]
[EndTime "10:05:00 PDT"]
[Termination "Baronessa08 won by checkmate"]

1. c4 c5 2. Nc3 Nc6 3. g3 g6 4.
Bg2 Bg7 5. d3 d6 6. Qd2 e5 7. b3 Nge7 8. Bb2 O-O 9. e3 Be6 10.
Nd5 Rb8 11. Ne2 b5 12. O-O f5 13.
Rad1 Bxd5 14. cxd5 Nb4 15. Nc3 Na6 16. f4 Nc7 17. fxe5 Bxe5 18. d4 cxd4 19. exd4 Bg7 20. Qe3 Re8 21. Qf2 b4 22. Ne2 Nexd5 23. Rc1 Kh8 24.
Rfe1 Bh6 25. Nf4 Nxf4 26. gxf4 Bg7 27. d5 Nb5 28. Re6 Rxe6 29. dxe6 Bxb2 30. Qxb2+ Nc3 31.
Rxc3 bxc3 32. Qxc3+ Kg8 33. e7 Qb6+ 34. Kh1 Kf7 35.
Bd5+ Ke8 36. Qf6 Qb5 37. Qf7+ Kd7 38. e8=Q# 1-0

[Event "*** Titled Tuesday Blitz"]
[Site "Chess.com"]
[Date "2020.05.12"]
[Round "1"]
[White "Trankuilizer"]
[Black "Kensei26"]
[Result "1-0"]
[WhiteElo "2551"]
[BlackElo "2208"]
[TimeControl "180+1"]
[EndTime "10:05:01 PDT"]
[Termination "Trankuilizer won by resignation"]

1. e4 d6 2. d4 Nf6 3. Nc3 g6 4. Nf3 Bg7 5. Be2 O-O 6. O-O c6 7. a4 Qc7 8. h3 Nbd7 9. Re1 Re8 10. Bf1 e5 11. Bg5 exd4 12. Nxd4 Nc5 13. f3 Ne6 14.
Be3 Nxd4 15. Bxd4 Be6 16. Qd2 d5 17. e5 Nd7 18. f4 b6 19. Bf2 Rad8 20. Ne2 c5 21. Nc3 Nf8 22. Nb5 Qd7 23. Nd6 Re7 24. a5 f6 25. axb6 axb6 26. Bb5 Qc7 27. Bh4 Rxd6 28.
exd6 Qxd6 29. Ra8 Rf7 30. Bf2 h5 31. Qe3 Kh7 32. Rxf8 Bxf8 33. Qxe6 Qxf4 34. Qxf7+ 1-0

[Event "*** Titled Tuesday Blitz"]
[Site "Chess.com"]
[Date "2020.05.12"]
[Round "1"]
[White "Oglob71"]
[Black "GM-2023"]
[Result "1-0"]
[WhiteElo "2496"]
[BlackElo "2082"]
[TimeControl "180+1"]
[EndTime "10:05:01 PDT"]
[Termination "Oglob71 won on time"]

1. d4 Nf6 2. Nf3 e6 3. c4 a6 4. Nc3 b6 5. Bg5 Bb7 6. Qc2 d5 7. e3 Be7 8. cxd5 Nxd5 9. Bxe7 Qxe7 10. Nxd5 Bxd5 11. Bd3 Nd7 12. O-O Bxf3 13. gxf3 c5 14. Be4 Rd8 15. Rad1 f5 16. Bc6 O-O 17. Bxd7 Rxd7 18.
dxc5 Rxd1 19. Rxd1 bxc5 20. f4 Qh4 21. f3 Qh3 22. Qg2 Qxg2+ 23. Kxg2 Rf7 24. Kf2 Rc7 25. Rc1 Kf7 26. Ke2 Ke7 27. b3 Kd6 28. Kd3 Kd5 29. Kc3 1-0

[Event "*** Titled Tuesday Blitz"]
[Site "Chess.com"]
[Date "2020.05.12"]
[Round "1"]
[White "Grandelicious"]
[Black "Nagimov_Artiom"]
[Result "1-0"]
[WhiteElo "2750"]
[BlackElo "2396"]
[TimeControl "180+1"]
[EndTime "10:05:02 PDT"]
[Termination "Grandelicious won by resignation"]

1. Nf3 d5 2. g3 c6 3. Bg2 Bg4 4. O-O Nd7 5. c4 e6 6. d4 Ngf6 7. h3 Bh5 8. cxd5 exd5 9. Ne5 Bd6 10. f4 Qb6 11. g4 Nxe5 12. fxe5 Bxe5 13. e3 Bxg4 14.
hxg4 Bd6 15. Nc3 O-O-O 16. g5 Nd7 17. Rxf7 h6 18. g6 Rdf8 19. Bd2 Qd8 20. Qg4 h5 21. Qe6 Rxf7 22. gxf7 Kc7 23. Nxd5+ cxd5 24. Rc1+ Nc5 25. dxc5 Bg3 26. Ba5+ 1-0

[Event "*** Titled Tuesday Blitz"]
[Site "Chess.com"]
[Date "2020.05.12"]
[Round "1"]
[White "Ginzburg_Yakov"]
[Black "ahmadzada13"]
[Result "0-1"]
[WhiteElo "2389"]
[BlackElo "2742"]
[TimeControl "180+1"]
[EndTime "10:05:05 PDT"]
[Termination "ahmadzada13 won by resignation"]

1. e4 e5 2. Nf3 Nc6 3. Bb5 a6 4. Bxc6 dxc6 5. O-O Bg4 6. h3 h5 7. d3 Qf6 8. Nbd2 Ne7 9. c3 O-O-O 10. Qe2 Ng6 11.
Qe3 Nf4 12. d4 Bxh3 13. dxe5 Qg6 14. Nh4 Qg4 15. Qf3 Qxh4 16. gxh3 Rd3 0-1

[Event "*** Titled Tuesday Blitz"]
[Site "Chess.com"]
[Date "2020.05.12"]
[Round "1"]
[White "RovenVogel"]
[Black "MateSchmate"]
[Result "0-1"]
[WhiteElo "2722"]
[BlackElo "2403"]
[TimeControl "180+1"]
[EndTime "10:05:08 PDT"]
[Termination "MateSchmate won by resignation"]

1. Nf3 Nf6 2. g3 b6 3. Bg2 Bb7 4. O-O c5 5. c4 e6 6. Nc3 Be7 7. d4 cxd4 8. Qxd4 d6 9. Rd1 a6 10. b3 Nbd7 11. Ba3 Nc5 12. b4 Ncd7 13. Ng5 Bxg2 14.
Kxg2 O-O 15. Nge4 Rc8 16. Rac1 Ne5 17. Nxf6+ Bxf6 18. Ne4 Be7 19. b5 axb5 20. cxb5 Rxc1 21. Bxc1 Qa8 22. Kg1 Qxa2 23. Bb2 f5 24. Ra1 Qc4 25.
Nxd6 Qxd4 0-1

[Event "*** Titled Tuesday Blitz"]
[Site "Chess.com"]
[Date "2020.05.12"]
[Round "1"]
[White "RaunakSadhwani2005"]
[Black "adricalderon8"]
[Result "1-0"]
[WhiteElo "2834"]
[BlackElo "2430"]
[TimeControl "180+1"]
[EndTime "10:05:10 PDT"]
[Termination "RaunakSadhwani2005 won by resignation"]

1. e4 c5 2. Nc3 Nc6 3. Bb5 Nd4 4. Nf3 e6 5. O-O Nf6 6. e5 Nxb5 7. Nxb5 Nd5 8. d4 a6 9. c4 axb5 10. cxd5 exd5 11.
dxc5 Bxc5 12. Qxd5 Be7 13. Qxb5 O-O 14. Bf4 b6 15. Rfd1 Ra7 16. Be3 Ba6 17. Qxb6 Qxb6 18. Bxb6 Rb7 19. Bd4 Be2 20. Rd2 Bxf3 21. gxf3 Rc8 22.
Bc3 Kf8 23. Rad1 Ke8 24. Rd4 g6 25. f4 h5 26. Kg2 Rc6 27. Kf3 Ra6 28. a4 Rc6 29. Ke4 Ba3 30. R1d2 Be7 31. f5 Bg5 32. f4 Be7 33. f6 Bd8 34. f5 g5 35. Rg2 g4 36. h3 Bb6 37. Rb4 Rbc7 38. hxg4 Ba5 39. Rb8+ Rc8 40. Rxc8+ Rxc8 41. Bxa5 1-0

[Event "*** Titled Tuesday Blitz"]
[Site "Chess.com"]
[Date "2020.05.12"]
[Round "1"]
[White "mamonika"]
[Black "thedjoker98"]
[Result "0-1"]
[WhiteElo "1965"]
[BlackElo "2477"]
[TimeControl "180+1"]
[EndTime "10:05:10 PDT"]
[Termination "thedjoker98 won by resignation"]

1. b4 c6 2. e3 a5 3. b5 Nf6 4. Nf3 d5 5. c4 Bf5 6. Nc3 h6 7. cxd5 cxd5 8. d4 e6 9. Bd3 Bxd3 10. Qxd3 Bb4 11. O-O O-O 12. a3 Bd6 13. Bd2 Nbd7 14. Na4 Qe7 15. Rfc1 Ne4 16. Be1 Rfc8 17. Rxc8+ Rxc8 18. Bxa5 Ra8 19. Rc1 Rxa5 20. Rc8+ Kh7 21. Nc5 Bxc5 22.
dxc5 Nxc5 23. Qb1 Rxa3 24. b6 Nb3 0-1

[Event "*** Titled Tuesday Blitz"]
[Site "Chess.com"]
[Date "2020.05.12"]
[Round "1"]
[White "ftorodent"]
[Black "GMaka"]
[Result "0-1"]
[WhiteElo "2659"]
[BlackElo "2365"]
[TimeControl "180+1"]
[EndTime "10:05:11 PDT"]
[Termination "GMaka won by resignation"]

1. d4 Nf6 2. Bg5 d5 3. Bxf6 gxf6 4.
e3 Bf5 5. Bd3 Bxd3 6. Qxd3 c6 7.
f4 e6 8. f5 e5 9. dxe5 fxe5 10. e4 Qh4+ 11. g3 Qxe4+ 12. Qxe4 dxe4 13. Nc3 e3 14. Ke2 Bc5 15. Ne4 Nd7 16. Nxc5 Nxc5 17.
Kxe3 Ke7 18. Nf3 f6 19. Rad1 Rad8 20. Nh4 Na4 21. b3 Nc3 22. Rd3 Nxa2 23. Ra1 Nb4 24. Rxd8 Rxd8 25. Rxa7 Nxc2+ 26. Ke2 Nd4+ 27. Kf2 Rd7 28.
b4 Nb5 29. Ra8 Kf7 30. Nf3 e4 31. Ne1 Rd4 32. Rb8 Nd6 33. Ke3 Nxf5+ 34. Kf4 Nd6 35. Ng2 Rxb4 36. Ne3 Rb2 37. h4 h5 38. g4 Rf2+ 39.
Kg3 Rf3+ 0-1